 Dungeon Crawl Stone Soup version 0.29.1-12-g30fa7ad0bf (webtiles) character file.

Game seed: 1446293579910815859

225 xzight the Shield-Bearer (level 6, -12/53 HPs)
             Began as a Gnoll Fighter on Dec 27, 2022.
             Killed by nerve-wracking pain
             ... invoked by Grinder
              (13 damage)
             ... on level 3 of the Dungeon.
             The game lasted 00:03:42 (1755 turns).

xzight the Shield-Bearer (Gnoll Fighter)            Turns: 1755, Time: 00:03:43

Health: -12/53     AC:  7    Str: 15    XL:     6   Next: 1%
Magic:  8/8        EV:  9    Int:  9    God:
Gold:   41         SH:  5    Dex: 12    Spells: 8/8 levels left

rFire   . . .      SeeInvis .   a - +0 flail
rCold   . . .      Faith    .   c - +0 buckler
rNeg    . . .      Spirit   .   b - +0 scale mail
rPois   .          Reflect  .   (no helmet)
rElec   .          Harm     .   (no cloak)
rCorr   .          Rampage  .   (no gloves)
Will    .....                   (no boots)
Stlth   ..........              q - amulet of the acrobat
HPRegen 0.17/turn               (no ring)
MPRegen 0.11/turn               (no ring)

@: mighty
A: fangs 1, strong nose, distributed training
a: no special abilities


You were on level 3 of the Dungeon.
You visited 1 branch of the dungeon, and saw 3 of its levels.

You collected 41 gold pieces.


Innate Abilities, Weirdness & Mutations

You have very sharp teeth.
Your uncanny sense of smell can sniff out nearby items.
Your experience applies equally to all skills.


   Skills:
 + Level 6.8 Fighting
 + Level 1.8 Short Blades
 + Level 1.8 Long Blades
 + Level 1.8 Axes
 + Level 4.9 Maces & Flails
 + Level 1.8 Polearms
 + Level 1.8 Staves
 + Level 1.8 Ranged Weapons
 + Level 1.8 Throwing
 + Level 6.8 Armour
 + Level 1.8 Dodging
 + Level 1.8 Stealth
 + Level 6.8 Shields
 + Level 1.8 Unarmed Combat
 + Level 1.8 Spellcasting
 + Level 1.4 Conjurations
 + Level 1.4 Hexes
 + Level 1.4 Summonings
 + Level 1.4 Necromancy
 + Level 1.4 Translocations
 + Level 1.4 Transmutations
 + Level 1.4 Fire Magic
 + Level 1.4 Ice Magic
 + Level 1.4 Air Magic
 + Level 1.4 Earth Magic
 + Level 1.4 Poison Magic
 + Level 2.0 Invocations
 + Level 1.8 Evocations


You had 8 spell levels left.
You didn't know any spells.
Your spell library contained the following spells:

 Spells                   Type           Power      Damage    Failure   Level
 Ensorcelled Hibernation  Hex/Ice        6%         N/A       77%         2
 Passwall                 Tmut/Erth      2%         N/A       77%         2
 Sublimation of Blood     Necr           3%         N/A       77%         2
 Wereblood                Tmut           3%         N/A       77%         2
 Swiftness                Air            3%         N/A       94%         3
 Summon Hydra             Summ           1%         N/A       100%        7

Inventory:

Hand Weapons
 a - a +0 flail (weapon)
Armour
 b - a +0 scale mail (worn)
 c - a +0 buckler (worn)
Jewellery
 q - an amulet of the acrobat (around neck)
 M - a ring of magical power
Scrolls
 e - 4 scrolls of identify {unknown}
 f - a scroll of amnesia {unknown}
 g - 2 scrolls of blinking {unknown}
 h - 2 scrolls of acquirement {unknown}
 k - a scroll of magic mapping {unknown}
 n - a scroll of vulnerability {unknown}
 o - 2 scrolls of noise {unknown}
 p - 2 scrolls of teleportation {unknown}
 s - a scroll of poison {unknown}
 u - a scroll of brand weapon {unknown}
Potions
 i - a potion of invisibility {unknown}
 j - a potion of attraction {unknown}
 l - a potion of magic {unknown}
 m - a potion of heal wounds {unknown}
 r - 2 potions of ambrosia {unknown}
 t - a potion of lignification {unknown}

Dungeon Overview and Level Annotations

Branches:
Dungeon (3/15)

Altars:
Makhleb

Shops:
D:1 :   D:3 :

Annotations:
D:3 Grinder

## #+# # [ #..#.#.# ..
#..#.#.# ... #..#<#.# ....
#..≈.≈.# .....
#..≈.≈.#############......
.....#∩#........)o).........
###..#.###.###.5@#####......
.....#.#.)...#...# .....
.##..#'#.#.####### ....
#......+.# ### #......#.#
#.#+####.# #. #.# ∆ . #.# #
.+


You could see Grinder and an orc priest.


Message History

The orc priest is almost dead.
The orc priest hits you with a +0 flail!
* * * LOW HITPOINT WARNING * * *
You hit the orc priest but do no damage.
The orc priest is almost dead.
The orc priest hits you but does no damage.
Grinder says, "You look like you could use a good racking."
Grinder blinks!
The orc priest barely misses you.
You barely miss Grinder. Your bite misses Grinder.
The orc priest completely misses you. Grinder hits you.
* * * LOW HITPOINT WARNING * * *
You writhe in agony.
* * * LOW HITPOINT WARNING * * *
You sock Grinder! Your bite misses Grinder.
Grinder is moderately wounded.
The orc priest miscasts a cantrip.
Grinder misses you.
You sock Grinder!
Grinder is heavily wounded.
You block the orc priest's attack. Grinder hits you.
* * * LOW HITPOINT WARNING * * *
You writhe in agony.
* * * LOW HITPOINT WARNING * * *
You hit Grinder. You bite Grinder!
Grinder is severely wounded.
The orc priest hits you with a +0 flail.
* * * LOW HITPOINT WARNING * * *
Grinder gestures at you. Pain shoots through your body!
You die...

Skill      XL: |  1  2  3  4 |
---------------+-------------+-----
Invocations    | 1 2 |  2.0
Short Blades   | 1 |  1.8
Long Blades    | 1 |  1.8
Axes           | 1 |  1.8
Polearms       | 1 |  1.8
Staves         | 1 |  1.8
Ranged Weapons | 1 |  1.8
Throwing       | 1 |  1.8
Dodging        | 1 |  1.8
Stealth        | 1 |  1.8
Unarmed Combat | 1 |  1.8
Spellcasting   | 1 |  1.8
Evocations     | 1 |  1.8
Conjurations   | 1 |  1.4
Hexes          | 1 |  1.4
Summonings     | 1 |  1.4
Necromancy     | 1 |  1.4
Translocations | 1 |  1.4
Transmutations | 1 |  1.4
Fire Magic     | 1 |  1.4
Ice Magic      | 1 |  1.4
Air Magic      | 1 |  1.4
Earth Magic    | 1 |  1.4
Poison Magic   | 1 |  1.4
Fighting       | |  6.8
Maces & Flails | |  4.9
Armour         | |  6.8
Shields        | |  6.8

Action                   |  1- 3 |  4- 6 || total
-------------------------+-------+-------++-------
Melee: Flail             |   144 |    29 ||   173
       Bite              |    13 |     2 ||    15
  Use: Potion            |       |     2 ||     2
Armor: Scale mail        |    53 |     4 ||    57
Dodge: Dodged            |    74 |    15 ||    89
Block: Buckler           |    39 |     5 ||    44

Levels and vault maps discovered:
D:1:      elethiomel_arrival_quiet, layout_rooms, serial_shops,
          nicolae_shop_crystal, dilly_ecumenical_altar_fadedgnrine,
          minmay_ruptured
D:2:      layout_rooms, basic_altar
D:3:      minmay_roachtagon, layout_basic,
          grunt_temple_overflow_champion_of_chaos, serial_shops,
          nicolae_shop_hallway_stairs, uniq_grinder, uniq_sigmund, uniq_robin

Notes
Turn   | Place    | Note
-------+----------+-------------------------------------------
     0 | D:1      | xzight the Gnoll Fighter began the quest for the Orb.
     0 | D:1      | Reached XP level 1. HP: 23/23 MP: 1/1
   104 | D:1      | Reached XP level 2. HP: 29/29 MP: 2/2
   285 | D:1      | Reached XP level 3. HP: 35/35 MP: 3/3
   691 | D:1      | Reached skill level 1 in Invocations
   745 | D:1      | Found Duykarez's Book Emporium.
   931 | D:1      | Found a faded altar of an unknown god.
  1132 | D:2      | Found a burning altar of Makhleb.
  1187 | D:2      | Reached skill level 1 in Short Blades
  1187 | D:2      | Reached skill level 1 in Long Blades
  1187 | D:2      | Reached skill level 1 in Axes
  1187 | D:2      | Reached skill level 1 in Polearms
  1187 | D:2      | Reached skill level 1 in Staves
  1187 | D:2      | Reached skill level 1 in Ranged Weapons
  1187 | D:2      | Reached skill level 1 in Throwing
  1187 | D:2      | Reached skill level 1 in Dodging
  1187 | D:2      | Reached skill level 1 in Stealth
  1187 | D:2      | Reached skill level 1 in Unarmed Combat
  1187 | D:2      | Reached skill level 1 in Spellcasting
  1187 | D:2      | Reached skill level 1 in Evocations
  1308 | D:2      | Reached XP level 4. HP: 41/41 MP: 5/5
  1507 | D:3      | Found Seoc's Book Emporium.
  1518 | D:3      | Noticed Sigmund
  1526 | D:3      | Killed Sigmund
  1527 | D:3      | Reached skill level 1 in Conjurations
  1527 | D:3      | Reached skill level 1 in Hexes
  1527 | D:3      | Reached skill level 1 in Summonings
  1527 | D:3      | Reached skill level 1 in Necromancy
  1527 | D:3      | Reached skill level 1 in Translocations
  1527 | D:3      | Reached skill level 1 in Transmutations
  1527 | D:3      | Reached skill level 1 in Fire Magic
  1527 | D:3      | Reached skill level 1 in Ice Magic
  1527 | D:3      | Reached skill level 1 in Air Magic
  1527 | D:3      | Reached skill level 1 in Earth Magic
  1527 | D:3      | Reached skill level 1 in Poison Magic
  1527 | D:3      | Reached skill level 2 in Invocations
  1527 | D:3      | Reached XP level 5. HP: 28/47 MP: 5/7
  1733 | D:3      | Noticed Grinder
  1734 | D:3      | Reached XP level 6. HP: 53/53 MP: 8/8
  1755 | D:3      | HP: 1/53 [orc priest/+0 flail (5)]
  1755 | D:3      | Killed from afar by Grinder

Vanquished Creatures
  Sigmund (D:3)
  A worm (D:2)
  A dart slug (D:1)
  2 orcs (D:3)
  6 ball pythons
  4 bats
  5 endoplasms
  3 giant cockroaches
  7 goblins
  6 hobgoblins
  4 jackals (D:1)
  3 quokkas
  2 frilled lizards
  2 kobolds (D:1)
  5 rats
52 creatures vanquished.

Table legend: (Time is in decaauts)
 A = Elapsed time spent in this place.
 B = Non-inter-level travel time spent in this place.
 C = Inter-level travel time spent in this place.
 D = Time resting spent in this place.
 E = Time spent auto-exploring this place.
 F = Levels seen in this place.
 G = Mean time per level.
                   A        B        C        D        E       F      G
               +--------+--------+--------+--------+--------+-----+--------+
         Total |   1790 |   1750 |     40 |    575 |    778 |   3 |  596.7 |
       Dungeon |   1790 |   1750 |     40 |    575 |    778 |   3 |  596.7 |
               +--------+--------+--------+--------+--------+-----+--------+

Top non-repeatable levels by time:
     D:1: 982 daAuts
     D:2: 556 daAuts
     D:3: 251 daAuts

Table legend:
 A = Non-vault XP
 B = Vault XP
 C = Vault XP percentage of total XP
 D = Non-vault monster count
 E = Vault monster count
 F = Vault count percentage of total count
                 A         B        C        D         E       F
            +---------+---------+-------+---------+---------+-------
      Total |      88 |     234 |  72.7 |      48 |       4 |   7.7
            +---------+---------+-------+---------+---------+-------
        D:1 |      41 |       8 |  16.3 |      24 |       3 |  11.1
        D:2 |      39 |       0 |   0.0 |      21 |       0 |   0.0
        D:3 |       8 |     226 |  96.6 |       3 |       1 |  25.0
            +---------+---------+-------+---------+---------+-------
